 Dungeon Crawl Stone Soup version 0.20-a0-2-g2b0e13a (webtiles) character file.

283 syranez the Skirmisher (level 6, -3/49 HPs)
             Began as a Merfolk Berserker on Oct 28, 2016.
             Was a Priest of Trog.
             Slain by an ogre
             ... wielding a +0 giant spiked club
              (14 damage)
             ... on level 4 of the Dungeon.
             The game lasted 00:06:38 (2634 turns).

syranez the Skirmisher (Merfolk Berserker)          Turns: 2634, Time: 00:06:39

Health: -3/49      AC:  8    Str: 17    XL:     6   Next: 28%
Magic:  6/6        EV: 14    Int:  9    God:    Trog [***...]
Gold:   119        SH:  0    Dex: 13    Spells: 0 memorised, 5 levels left

rFire  . . .     SeeInvis .     a - +0 hand axe
rCold  . . .     Gourm    .     l - +2 animal skin
rNeg   . . .     Faith    .     (no shield)
rPois  .         Spirit   .     m - +0 helmet
rElec  .         Reflect  .     (no cloak)
rCorr  .         Harm     .     o - +2 pair of gloves
MR     .....                    (no boots)
Stlth  ++........               (no amulet)
                                (no ring)
                                (no ring)

@: exhausted, slowed, very slow
A: change form in water, swift swim, stealthy swim
a: Berserk, Trog's Hand, Burn Spellbooks, Renounce Religion


You were on level 4 of the Dungeon.
You worshipped Trog.
Trog was most pleased with you.
You were near starving.

You visited 1 branch of the dungeon, and saw 4 of its levels.

You collected 119 gold pieces.

Inventory:

Hand Weapons
 a - a +0 hand axe (weapon)
Missiles
 e - a tomahawk (quivered)
Armour
 j - a +0 chain mail
 l - a +2 animal skin (worn)
 m - a +0 helmet (worn)
 o - a +2 pair of gloves (worn)
Scrolls
 d - 2 scrolls of noise {unknown}
 h - 4 scrolls of remove curse {unknown}
 k - a scroll of enchant weapon {unknown}
 n - 2 scrolls of identify {unknown}
 t - a scroll of amnesia {unknown}
 u - a scroll of fear {unknown}
 v - a scroll of magic mapping {unknown}
 w - a scroll of teleportation {unknown}
Potions
 b - a potion of brilliance {unknown}
 g - a potion of curing {unknown}
 q - a potion of ambrosia {unknown}
 r - a potion of heal wounds {unknown}
 s - a potion of lignification {unknown}
 z - a potion of flight {unknown}
Comestibles
 c - 4 bread rations
 i - a beef jerky
 x - a meat ration


   Skills:
 + Level 4.6 Fighting
 + Level 4.1 Axes
 + Level 1.8 Throwing
 + Level 1.5 Armour
 + Level 3.8 Dodging
 + Level 1.3 Stealth


You had 5 spell levels left.
You didn't know any spells.

Dungeon Overview and Level Annotations

Branches:
Dungeon (4/15)
 Temple: D:4-7

Altars:


Message History

You feel yourself slow down.
An ogre comes into view. It is wielding a giant spiked club.
The ogre shouts!
You see here 11 gold pieces.
Throwing (i - inventory):
e - 2 tomahawks (quivered)
Press: ? - help, Shift-Dir - straight line, f - ogre
Aim: an ogre, wielding a giant spiked club You throw a tomahawk.
The tomahawk hits the ogre.
The ogre is moderately wounded.
The ogre hits you with a giant spiked club!!
Ouch! That really hurt!
* * * LOW HITPOINT WARNING * * *
As you read the scroll labeled AJOGYF NAL, it crumbles to dust.
The scroll dissolves into smoke.
It was a scroll of fog.
The ogre misses you.
The ogre hits you with a giant spiked club.
* * * LOW HITPOINT WARNING * * *
The ogre closely misses you.
Found 7 gold pieces.
The ogre hits you with a giant spiked club!
You die...

######## #......#
#######+#.<# #.#
.......§.§.# #.#
........§§§# #.# +
.......§§§§# #$###.#
........§§§###.....+
.......$§..#....##.#...
..............O@.......
.......(...............
........)..#..(.##.#.#.
#######+#..#....# #
#..#....# #((#....#
...#....# ###(#....# .#


You could see an ogre.

Vanquished Creatures
  Blork the orc (D:4)
  2 orc priests (D:3)
  Robin (D:2)
  3 adders
  2 dart slugs (D:2)
  7 worms
  6 orcs (D:3)
  4 giant cockroaches
  10 goblins
  8 hobgoblins
  15 jackals
  14 kobolds
  2 quokkas
  6 bats
  5 frilled lizards
  2 rats
88 creatures vanquished.

Notes
Turn   | Place    | Note
-------+----------+-------------------------------------------
     0 | D:1      | syranez the Merfolk Berserker began the quest for the Orb.
     0 | D:1      | Reached XP level 1. HP: 18/18 MP: 1/1
   142 | D:1      | Reached XP level 2. HP: 24/24 MP: 2/2
   701 | D:1      | Reached XP level 3. HP: 26/30 MP: 3/3
   815 | D:2      | Reached ** piety under Trog
   943 | D:2      | Noticed Robin
   960 | D:2      | Killed Robin
  1033 | D:2      | Reached XP level 4. HP: 37/37 MP: 4/4
  1779 | D:3      | Reached XP level 5. HP: 42/42 MP: 5/5
  1785 | D:3      | Reached *** piety under Trog
  1900 | D:3      | Reached skill level 1 in Throwing
  1900 | D:3      | Reached skill level 1 in Stealth
  2605 | D:4      | Noticed Blork the orc
  2617 | D:4      | Killed Blork the orc
  2617 | D:4      | Reached XP level 6. HP: 49/49 MP: 6/6
  2634 | D:4      | Slain by an ogre

Vault maps used:
D:1:      eino_arrival_cavern_d, st_stairs_4, minmay_cupped
D:2:      kennysheep_big_flooded_room, uniq_robin
D:3:      first_bread
D:4:      uniq_sigmund, uniq_blork_the_orc

Skill      XL: |  1  2  3  4  5 |
---------------+----------------+-----
Dodging        | 3 |  3.8
Axes           | 3 4 |  4.1
Fighting       | 4 |  4.6
Throwing       | 1 |  1.8
Stealth        | 1 |  1.3
Armour         | |  1.5

Action                   |  1- 3 |  4- 6 || total
-------------------------+-------+-------++-------
Melee: Hand axe          |    83 |   171 ||   254
Throw: Tomahawk          |     9 |    53 ||    62
Invok: Berserk           |     1 |     2 ||     3
  Use: Scroll            |       |     1 ||     1
 Stab: Sleeping          |     1 |     2 ||     3
  Eat: Chunk             |     1 |     6 ||     7
Armor: Animal skin       |    14 |    42 ||    56
       Chain mail        |     8 |       ||     8
Dodge: Dodged            |    51 |    93 ||   144
